 Dungeon Crawl Stone Soup version 0.25.1-2-g60ff931df9 (webtiles) character file.

Game seed: 16650022524103445067

5516 Amplified the Fighter (level 10, -1/81 HPs)
             Began as a Demonspawn Ice Elementalist on Oct 11, 2020.
             Was a Believer of Vehumet.
             Slain by a two-headed ogre
             ... wielding a +0 giant spiked club
              (19 damage)
             ... on level 9 of the Dungeon on Oct 12, 2020.
             The game lasted 00:18:08 (11914 turns).

Amplified the Fighter (DsIE)                       Turns: 11914, Time: 00:18:09

Health: -1/81      AC:  6    Str: 11    XL:     10   Next: 43%
Magic:  19/22      EV: 15    Int: 18    God:    Vehumet [**....]
Gold:   459        SH:  6    Dex: 13    Spells: 13/25 levels left

rFire    + . .     SeeInvis .   p - +2 trident (vorpal)
rCold    . . .     Gourm    .   (no shield)
rNeg     + . .     Faith    .   B - +2 robe {rN+}
rPois    .         Spirit   .   z - +1 hat
rElec    .         Reflect  .   y - scarf {+Inv}
rCorr    .         Harm     .   u - +0 pair of gloves
MR       .....                  (no boots)
Stlth    ++........             (no amulet)
HPRegen  0.23/turn              e - ring of wizardry
MPRegen  0.18/turn              C - ring of wizardry

@: mighty
A: hooves 1, large bone plates 2, fire resistance 1, powered by pain 2
a: Renounce Religion, Evoke Invisibility


You were on level 9 of the Dungeon.
You worshipped Vehumet.
Vehumet was pleased with you.
You were not hungry.

You visited 2 branches of the dungeon, and saw 10 of its levels.

You collected 459 gold pieces.

Inventory:

Hand Weapons
 p - a +2 vorpal trident (weapon)
Missiles
 g - 9 curare-tipped darts (quivered)
 l - 20 poisoned darts
Armour
 a - a +0 robe
 k - a +1 cloak
 u - a +0 pair of gloves (worn)
 y - a scarf of invisibility (worn)
 z - a +1 hat (worn)
 B - a +2 robe of positive energy (worn)
Jewellery
 e - a ring of wizardry (left hand)
 m - an uncursed ring of poison resistance
 v - an uncursed ring of protection from cold
 w - the ring "Maech" {MP+9 Dex+4 Stlth-}
   (You found it on level 4 of the Dungeon)

   [ring of attention]

   It affects your dexterity (+4).
   It affects your magic capacity (+9).
   It makes you less stealthy.
 x - an uncursed ring of positive energy
 C - a ring of wizardry (right hand)
Wands
 f - a wand of iceblast (7)
 A - a wand of flame (24)
 E - a wand of disintegration (4)
Scrolls
 j - 5 scrolls of amnesia
 n - a scroll of enchant weapon
 o - 4 scrolls of identify
 t - 3 scrolls of teleportation
 F - 2 scrolls of fog
Potions
 b - a potion of invisibility
 d - a potion of brilliance
 i - a potion of flight
 r - a potion of stabbing
 s - a potion of magic
Miscellaneous
 q - a tin of tremorstones (3/3)
Comestibles
 c - 8 rations


   Skills:
 * Level 8.3 Fighting
 * Level 7.5 Polearms
 + Level 5.6 Dodging
 - Level 1.7 Stealth
 * Level 8.0 Spellcasting
 - Level 3.6 Ice Magic


You had 13 spell levels left.
You knew the following spells:

 Your Spells              Type           Power        Failure   Level  Hunger
a - Freeze                Ice            ###.         1%          1    None
b - Frozen Ramparts       Ice            ###...       1%          3    #......
c - Ozocubu's Armour      Chrm/Ice       ##......     4%          3    #......
d - Hailstorm             Conj/Ice       ##......     13%         4    ###....
e - Foxfire               Conj/Fire      #...         2%          1    None

Your spell library contained the following spells:

 Spells                   Type           Power        Failure   Level  Hunger
 Magic Dart               Conj           #...         2%          1    None
 Blink                    Tloc           N/A          4%          2    None
 Call Imp                 Summ           #.......     4%          2    None
 Searing Ray              Conj           #.....       4%          2    None
 Slow                     Hex            #.......     4%          2    None
 Conjure Flame            Conj/Fire      #.......     8%          3    #......
 Dazzling Flash           Conj/Hex       #.....       8%          3    #......
 Mephitic Cloud           Conj/Pois/Air  #.......     8%          3    #......
 Summon Ice Beast         Ice/Summ       ##......     13%         4    ###....
 Fulminant Prism          Conj/Hex       #.........   24%         4    ###....
 Iskenderun's Mystic Bla  Conj/Tloc      #.......     24%         4    ###....


Dungeon Overview and Level Annotations

Branches:
Dungeon (9/15)             Temple (1/1) D:6            Lair (0/6) D:8
    Orc: D:9-12

Altars:
Ashenzari
Cheibriados
Dithmenos
Elyvilon
Fedhas
Gozag
Hepliaklqana
Kikubaaqudgha
Makhleb
Okawaru
Qazlal
Ru
Sif Muna
Trog
Uskayaw
Vehumet
Wu Jian
Xom
Yredelemnul
Zin
The Shining One

Shops:
D:6 (

Annotations:
D:9 2 transporters


Innate Abilities, Weirdness & Mutations

You have large cloven feet.
You are mostly covered in large bone plates. (SH +6)
Your flesh is heat resistant. (rF+)
You sometimes gain power by taking damage.


Message History

You hit the two-headed ogre but do no damage.
The two-headed ogre is lightly wounded.
You hit the two-headed ogre.
The two-headed ogre is lightly wounded.
The wall freezes the two-headed ogre.
The two-headed ogre hits you with a +0 giant spiked club!
You focus on the pain.
You feel very mighty all of a sudden.
The two-headed ogre hits you with a +0 giant club!
You focus on the pain.
You feel mightier all of a sudden.
You barely miss the two-headed ogre.
The two-headed ogre is moderately wounded.
You puncture the two-headed ogre!
The two-headed ogre is moderately wounded.
The frozen ramparts melt away.
The two-headed ogre hits you with a +0 giant spiked club!!
* * * LOW HITPOINT WARNING * * *
The two-headed ogre hits you with a +0 giant club!!
You die...

.#.....#,,,*,,,,,,,,,,,,,*
.#.....#,,,#......,,,,,,,*******
8#.....+,,,#.....#****,,,,,,,,,*
##.....#####.....# *,,,,,,,,,*
#................# *,,,,,,,,,*
,,,,,,,..........# *,,,,,,,,,*
******,..........# *,..,,,,***
,,,,,*,.........O# *...,,,,*
,,,,,*,.........@#####...,,,,*
,,,,,*,..................,,,,*
*+**+*,..................,,,,*
,,,,,,,.......<........#**+*,*
,,,,,,,..........รท.....#,,,*,*
*,,,,,,...#######)##...#,,,*,*
*,*****#.,#........#...#,,,*,*
*,*,,,,#,,#........#,..#,,,*,*
*,*,,,,*,,#........#,,,*,,,*,*


You could see a two-headed ogre.

Vanquished Creatures
  A two-headed ogre (D:9)
  2 komodo dragons (D:8)
  A hippogriff (D:8)
  2 wyverns
  2 basilisks (D:8)
  A steam dragon (D:8)
  3 hungry ghosts (D:8)
  4 ice beasts
  A hornet zombie (D:8)
  3 orc warriors
  A phantom (D:7)
  2 sky beasts
  A necrophage (D:8)
  3 ogres
  A centaur (D:8)
  6 bullfrogs
  2 scorpions
  4 killer bees (D:8)
  4 wights (D:7)
  3 howler monkeys (D:5)
  A crimson imp (D:6)
  A centaur zombie (D:8)
  3 hounds
  6 orc wizards
  2 orc priests
  A bullfrog skeleton (D:7)
  4 worker ants
  A killer bee zombie (D:5)
  A hound skeleton (D:8)
  A howler monkey zombie (D:9)
  A worker ant zombie (D:5)
  A howler monkey skeleton (D:8)
  12 adders
  2 shadow imps
  2 worms (D:2)
  A dart slug (D:3)
  6 leopard geckos
  23 orcs
  2 giant cockroaches
  9 goblins
  7 hobgoblins
  2 jackals (D:1)
  A quokka (D:8)
  A ball python (D:1)
  A ball python zombie (D:6)
  3 bats
  3 frilled lizards
  A jackal skeleton (D:4)
  3 kobolds
  A leopard gecko skeleton (D:8)
  3 rats (D:1)
153 creatures vanquished.

Vanquished Creatures (others)
  3 foxfires (D:9)
3 creatures vanquished.

Grand Total: 156 creatures vanquished

Notes
Turn   | Place    | Note
-------+----------+-------------------------------------------
     0 | D:1      | Amplified the Demonspawn Ice Elementalist began the quest
                  | for the Orb.
     0 | D:1      | Reached XP level 1. HP: 13/13 MP: 3/3
   556 | D:1      | Reached skill level 1 in Fighting
   556 | D:1      | Gained mutation: You are partially covered in large bone
                  | plates. (SH +4) [demonic ancestry]
   556 | D:1      | Reached XP level 2. HP: 15/21 MP: 5/5
  1151 | D:1      | Reached skill level 1 in Polearms
  1334 | D:2      | Gained mutation: You sometimes gain a little power by
                  | taking damage. [demonic ancestry]
  1334 | D:2      | Reached XP level 3. HP: 26/26 MP: 0/6
  1598 | D:2      | Reached XP level 4. HP: 16/33 MP: 2/8
  1833 | D:2      | Found a glowing golden altar of the Shining One.
  2383 | D:3      | Learned a level 3 spell: Frozen Ramparts
  2387 | D:3      | Learned a level 3 spell: Ozocubu's Armour
  2560 | D:3      | HP: 2/49 [something/puff of frost (9)]
  2566 | D:3      | Gained mutation: You sometimes gain power by taking damage.
                  | [demonic ancestry]
  2566 | D:3      | Reached XP level 5. HP: 3/39 MP: 4/9
  3082 | D:3      | Found a glowing golden altar of the Shining One.
  3603 | D:4      | Got a slimy bone ring
  3604 | D:4      | Identified the ring "Maech" {MP+9 Dex+4 Stlth-} (You found
                  | it on level 4 of the Dungeon)
  4353 | D:5      | Entered Level 5 of the Dungeon
  4390 | D:5      | Gained mutation: Your flesh is heat resistant. (rF+)
                  | [demonic ancestry]
  4390 | D:5      | Reached XP level 6. HP: 41/47 MP: 6/11
  4514 | D:5      | Found a burning altar of Makhleb.
  4568 | D:5      | Noticed a sky beast
  4587 | D:5      | Killed a sky beast
  5303 | D:5      | You fall into a shaft and drop 1 floor!
  5303 | D:6      | Found a staircase to the Ecumenical Temple.
  5307 | Temple   | Entered the Ecumenical Temple
  5315 | Temple   | Became a worshipper of Vehumet
  5358 | D:6      | Noticed an ice beast
  5424 | D:6      | Killed an ice beast
  5424 | D:6      | Gained mutation: You are mostly covered in large bone
                  | plates. (SH +6) [demonic ancestry]
  5424 | D:6      | Reached XP level 7. HP: 35/54 MP: 10/13
  6185 | D:6      | Found Ipon's Antique Weapon Boutique.
  6827 | D:5      | Found a bloodstained altar of Trog.
  7001 | D:7      | Noticed a wyvern
  7076 | D:7      | Reached skill level 5 in Spellcasting
  7076 | D:7      | Gained mutation: You have large cloven feet. [demonic
                  | ancestry]
  7076 | D:7      | Reached XP level 8. HP: 42/61 MP: 9/15
  7258 | D:7      | Reached skill level 5 in Fighting
  7274 | D:7      | Learned a level 4 spell: Hailstorm
  7625 | D:9      | Found a transporter.
  7625 | D:9      | Found a transporter.
  7937 | D:9      | Noticed a great orb of eyes
  7940 | D:9      | Noticed an ogre mage
  7960 | D:8      | Reached skill level 5 in Polearms
  8157 | D:8      | Reached XP level 9. HP: 61/69 MP: 9/18
  8567 | D:8      | Reached * piety under Vehumet
  8567 | D:8      | Offered knowledge of Sandblast by Vehumet.
  9404 | D:8      | Reached skill level 5 in Dodging
 10721 | D:7      | Found a shimmering altar of Xom.
 10906 | D:7      | Got a fading leather armour
 10919 | D:7      | Identified the +2 leather armour "Naassyub" {*Contam rPois
                  | MP-9 Str+6} (You found it on level 7 of the Dungeon)
 11195 | D:8      | Reached XP level 10. HP: 66/80 MP: 17/21
 11547 | D:8      | Offered knowledge of Foxfire by Vehumet.
 11551 | D:8      | Learned a level 1 spell: Foxfire
 11623 | D:8      | Found a staircase to the Lair.
 11708 | D:9      | Noticed a two-headed ogre
 11715 | D:9      | Reached ** piety under Vehumet
 11721 | D:9      | Killed a two-headed ogre
 11905 | D:9      | Noticed a two-headed ogre
 11914 | D:9      | Slain by a two-headed ogre

Illustrated notes

Levels and vault maps discovered:
D:1:      lightli_iron_boxes, layout_basic, minmay_tall_x
D:2:      layout_loops_ring, lemuel_round_altar, first_ration, minmay_quantized
D:3:      layout_rooms, tso_altar
D:4:      layout_basic
D:5:      layout_loops_ring, lightli_temple_of_fire, bloody_makhleb
D:6:      layout_loops_ring, temple_green, serial_shops,
          nicolae_shop_overgrown_old_shop
D:7:      layout_loops_cross, basic_altar
D:8:      minmay_clustersquares, layout_rooms, erik_lair_dragon
D:9:      layout_irregular_city, gammafunk_temple_overflow_arena, serial_shops,
          kennysheep_mini_moat, hangedman_little_slice_of_home,
          jmf_multi_god_temple
Temple:   nicolae_temple_no_exploring_needed

Skill      XL: |  1  2  3  4  5  6  7  8  9 10 |
---------------+-------------------------------+-----
Fighting       | 1 2 3 4 6 7 8 |  8.3
Polearms       | 1 2 3 4 5 6 7 |  7.5
Dodging        | 2 3 4 5 |  5.6
Spellcasting   | 3 4 5 6 7 8 |  8.0
Stealth        | |  1.7
Ice Magic      | |  3.6

Action                   |  1- 3 |  4- 6 |  7- 9 | 10-12 || total
-------------------------+-------+-------+-------+-------++-------
Melee: Spear             |    91 |   182 |   403 |       ||   676
       Kick              |       |       |    71 |     7 ||    78
       Trident           |       |       |    39 |    53 ||    92
Throw: Dart              |       |     4 |     1 |     1 ||     6
       Throwing net      |       |     2 |     1 |     1 ||     4
 Cast: Freeze            |    29 |     5 |     5 |       ||    39
       Frozen Ramparts   |       |    19 |    49 |     7 ||    75
       Ozocubu's Armour  |       |     1 |     3 |     1 ||     5
       Hailstorm         |       |       |     5 |     1 ||     6
       Foxfire           |       |       |       |     2 ||     2
 Abil: Evoke Invisibilit |       |     1 |       |       ||     1
Evoke: Wand              |       |       |     4 |       ||     4
  Use: Scroll            |     5 |     9 |    10 |       ||    24
       Potion            |     3 |     6 |     6 |       ||    15
 Stab: Sleeping          |     2 |     6 |     1 |       ||     9
       Held in net/web   |       |     2 |       |       ||     2
  Eat: Chunk             |     2 |    11 |    12 |     3 ||    28
       Ration            |       |     1 |     8 |       ||     9
Armor: Robe              |    31 |    19 |    37 |     5 ||    92
       Skin              |       |    31 |    19 |       ||    50
Dodge: Dodged            |    69 |    68 |   197 |    21 ||   355
Block: Other             |    11 |    20 |    92 |     6 ||   129
